 Dungeon Crawl Stone Soup version 0.26-a0-284-g73c0fb6129 (webtiles) character file.

Game seed: 13810980507791519254

87068 Froggeryz the Cleaver (level 15, -2/154 HPs)
             Began as a Gnoll Chaos Knight on July 13, 2020.
             Was the Champion of Zin.
             Slain by an ice devil (6 damage)
             ... on level 2 of the Orcish Mines.
             The game lasted 00:39:40 (89482 turns).

Froggeryz the Cleaver (Gnoll Chaos Knight)         Turns: 89482, Time: 00:39:41

Health: -2/154     AC:  2    Str: 28    XL:     15   Next: 89%
Magic:  31/31      EV: 14    Int: 28    God:    Zin [******]
Gold:   3787       SH:  7    Dex: 23    Spells: 26/33 levels left

rFire    + + +     SeeInvis +   W - +4 scimitar (flame)
rCold    + + .     Faith    +   c - +1 buckler
rNeg     . . .     Spirit   .   o - +5 plate armour of Modesty {+Blink rF++ Int+3 SInv}
rPois    .         Reflect  .   C - +0 hat of Death's Door {rC- Str+7} (curse)
rElec    .         Harm     .   U - +0 cloak of New Discoveries {Int+4}
rCorr    .         Clarity  +   w - +0 pair of fencer's gloves {Riposte Dex+3}
MR       +++..                  p - +1 pair of boots {Fly}
Stlth    ..........             t - amulet of faith
HPRegen  0.75/turn              D - ring of protection from cold
MPRegen  0.22/turn              m - +4 ring of evasion

@: about to teleport, corroded, flying, extremely drained
A: distributed training, antennae 1, fangs 3, talons 1, slimy green scales 1,
see invisible, agile 2, clarity, clever 2, cold resistance 1, fire resistance 2,
high mp 1, magic resistance 2, mutation resistance 1, regeneration 1, robust 3,
shaggy fur 3, strong 2, strong nose
a: Recite, Vitalisation, Imprison, Sanctuary, Donate Gold, Renounce Religion,
Evoke Blink, Stop Flying


You were on level 2 of the Orcish Mines.
You worshipped Zin.
Zin was exalted by your worship.
You visited 4 branches of the dungeon, and saw 21 of its levels.

You collected 4534 gold pieces.
You spent 537 gold pieces at shops.
You donated 210 gold pieces to Zin.

Inventory:

Hand Weapons
 O - a +1 morningstar of flaming
 W - a +4 scimitar of flaming (weapon)
 Z - the +5 rapier of Dissatisfaction {freeze, rN+}
   (You found it on level 4 of the Lair of Beasts)

   It has been specially enchanted to freeze those struck by it, causing extra
   injury to most foes and up to half again as much damage against particularly
   susceptible opponents.
   It can also slow down cold-blooded creatures.
   It protects you from negative energy.
Missiles
 j - 6 throwing nets
 n - 180 bolts
 J - 2 silver javelins (quivered)
Armour
 c - a +1 buckler (worn)
 o - the +5 plate armour of Modesty (worn) {+Blink rF++ Int+3 SInv}
   (Xom gifted it to you on level 4 of the Dungeon)

   It affects your intelligence (+3).
   It greatly protects you from fire.
   It lets you see invisible.
   It lets you blink.
 p - a +1 pair of boots of flying (worn)
 w - the +0 pair of fencer's gloves (worn) {Riposte Dex+3}
   (Xom gifted it to you on level 3 of the Dungeon)

   It affects your dexterity (+3).
 C - the cursed +0 hat of Death's Door (worn) {rC- Str+7}
   (Xom gifted it to you on level 2 of the Dungeon)

   It affects your strength (+7).
   It makes you vulnerable to cold.
   It has a curse placed upon it.
 U - the +0 cloak of New Discoveries (worn) {Int+4}
   (You found it on level 6 of the Lair of Beasts)

   It affects your intelligence (+4).
Jewellery
 m - a +4 ring of evasion (right hand)
 t - an amulet of faith (around neck)
 D - a ring of protection from cold (left hand)
 Y - an uncursed ring of protection from cold
Wands
 r - a wand of flame (109)
 u - a wand of enslavement (14)
 x - a wand of digging (12)
 y - a wand of iceblast (8)
 Q - a wand of acid (8)
 S - a wand of disintegration (29)
Scrolls
 b - 3 scrolls of magic mapping
 e - 3 scrolls of enchant armour
 f - a scroll of amnesia
 h - a scroll of vulnerability
 k - 2 scrolls of teleportation
 v - a scroll of silence
 z - 8 scrolls of fear
 A - 3 scrolls of enchant weapon
 H - 5 scrolls of blinking
 I - a scroll of holy word
 L - 7 scrolls of remove curse
 V - a scroll of fog
Potions
 d - 2 potions of lignification {unknown}
 g - 6 potions of magic
 i - 10 potions of curing
 l - 2 potions of mutation {unknown}
 s - 3 potions of might
 E - 4 potions of haste
 F - 2 potions of cancellation {unknown}
 G - 2 potions of flight
 K - 4 potions of heal wounds
 M - a potion of ambrosia
 N - a potion of brilliance {unknown}
 P - 2 potions of invisibility
 R - a potion of berserk rage
 T - a potion of stabbing
Miscellaneous
 a - a lightning rod (4/4)
 B - a tin of tremorstones (3/3)
 X - a phantom mirror


   Skills:
 + Level 11.6(5.2) Fighting
 + Level 9.8(3.7) Short Blades
 + Level 9.8(3.7) Long Blades
 + Level 11.6(5.2) Axes
 + Level 9.8(3.7) Maces & Flails
 + Level 9.8(3.7) Polearms
 + Level 9.8(3.7) Staves
 + Level 9.8(3.7) Slings
 + Level 9.8(3.7) Bows
 + Level 9.8(3.7) Crossbows
 + Level 9.8(3.7) Throwing
 + Level 10.7(4.5) Armour
 + Level 10.1(4.0) Dodging
 + Level 9.8(3.7) Stealth
 + Level 9.8(3.7) Shields
 + Level 9.8(3.7) Unarmed Combat
 + Level 9.8(3.7) Spellcasting
 + Level 8.2(2.3) Conjurations
 + Level 8.2(2.3) Hexes
 + Level 8.2(2.3) Charms
 + Level 8.2(2.3) Summonings
 + Level 8.2(2.3) Necromancy
 + Level 8.2(2.3) Translocations
 + Level 8.2(2.3) Transmutations
 + Level 8.2(2.3) Fire Magic
 + Level 8.2(2.3) Ice Magic
 + Level 8.2(2.3) Air Magic
 + Level 8.2(2.3) Earth Magic
 + Level 8.2(2.3) Poison Magic
 + Level 10.6(4.4) Invocations
 + Level 9.8(3.7) Evocations


You had 26 spell levels left.
You knew the following spells:

 Your Spells              Type           Power        Failure   Level
a - Blink                 Tloc           N/A          45%         2
c - Mephitic Cloud        Conj/Pois/Air  ###.....     71%         3
d - Passwall              Tmut/Erth      ###.....     45%         2

Your spell library contained the following spells:

 Spells                   Type           Power        Failure   Level
 Corona                   Hex            ###....      34%         1
 Magic Dart               Conj           ###.         34%         1
 Sandblast                Erth           ###...       34%         1
 Call Imp                 Summ           ###.....     45%         2
 Ensorcelled Hibernation  Hex/Ice        ###...       45%         2
 Poisonous Vapours        Pois/Air       ###...       45%         2
 Searing Ray              Conj           ###...       45%         2
 Slow                     Hex            ###.....     45%         2
 Confusing Touch          Hex            ###.....     71%         3
 Conjure Flame            Conj/Fire      ###.....     71%         3
 Dazzling Flash           Conj/Hex       ###...       71%         3
 Gell's Gravitas          Tloc           ###.......   71%         3
 Inner Flame              Hex/Fire       ###.....     71%         3
 Portal Projectile        Hex/Tloc       ###...       71%         3
 Stone Arrow              Conj/Erth      ###...       71%         3
 Tukima's Dance           Hex            ###.....     71%         3
 Cause Fear               Hex            ###.......   98%         4
 Fulminant Prism          Conj/Hex       ###.......   98%         4
 Iskenderun's Mystic Bla  Conj/Tloc      ###.....     98%         4
 Leda's Liquefaction      Hex/Erth       ###.......   98%         4
 Petrify                  Tmut/Erth      ###.....     98%         4
 Lee's Rapid Deconstruct  Erth           ###.......   100%        5
 Metabolic Englaciation   Hex/Ice        ###.......   100%        5
 Silence                  Hex/Air        ###.......   100%        5
 Yara's Violent Unravell  Hex/Tmut       ###.......   100%        5
 Freezing Cloud           Conj/Ice/Air   ###.......   100%        6
 Ring of Flames           Chrm/Fire      ###.......   100%        7
 Discord                  Hex            ###.......   100%        8


Dungeon Overview and Level Annotations

Branches:
Dungeon (12/15)            Temple (1/1) D:6            Lair (6/6) D:9
 Shoals (0/4) Lair:4        Snake (0/4) Lair:4        Slime (0/5) Lair:5
    Orc (2/2) D:10
    Elf: Orc:2

Altars:
Ashenzari
Cheibriados
Dithmenos
Elyvilon
Fedhas
Gozag
Hepliaklqana
Kikubaaqudgha
Makhleb
Nemelex Xobeh
Okawaru
Qazlal
Ru
Sif Muna
Trog
Uskayaw
Vehumet
Wu Jian
Xom
Yredelemnul
Zin
The Shining One
Jiyva

Shops:
D:7 *   Orc:2 **


Innate Abilities, Weirdness & Mutations

Your experience applies equally to all skills.
You have razor-sharp teeth.
Your uncanny sense of smell can sniff out nearby items.
You have a pair of small antennae on your head.
You have sharp toenails.
You are partially covered in slimy green scales. (AC +2)
You have supernaturally acute eyesight. (SInv)
You are very agile. (Dex +4)
You possess an exceptional clarity of mind.
Your mind is very acute. (Int +4)
Your flesh is cold resistant. (rC+)
Your flesh is very heat resistant. (rF++)
You have an increased reservoir of magic. (+10% MP)
You are highly resistant to hostile enchantments. (MR++)
You are somewhat resistant to further mutation.
Your natural rate of healing is unusually fast.
You are extremely robust. (+30% HP)
Your thick and shaggy fur keeps you warm. (AC +3, rC+)
Your muscles are very strong. (Str +4)


Message History

* * * LOW HITPOINT WARNING * * *
The rust devil corrodes you! The orc warrior misses you.
You riposte.
You hit the orc warrior but do no damage.
The orc warrior is lightly wounded.
The ice devil hits you.
* * * LOW HITPOINT WARNING * * *
The ice devil freezes you! You resist.
* * * LOW HITPOINT WARNING * * *
An orc high priest comes into view. It is wielding a +0 war axe.
As you read the scroll of teleportation, it crumbles to dust.
You feel strangely unstable. The rust devil hits you.
* * * LOW HITPOINT WARNING * * *
The rust devil corrodes you! The red devil closely misses you.
The orc warrior hits you from afar with a +0 trident of venom!
* * * LOW HITPOINT WARNING * * *
The ice devil hits you!
* * * LOW HITPOINT WARNING * * *
The ice devil freezes you. You resist.
You die...
Xom giggles madly!

.........#######....##
##.. .......###
#....###o#. ##.
........# ##..###.... ##
.......## #####4..# #
....#.## #...# ...####
## #...# ....# ##.###
##o..# ....# #....#
##4#o#
.....####...###4@4##{
......#.##...###o#)##
.........#....###..o##
#.
........#<.....###...##
##.
##.........###..###...##
##.. #.......#..#
##..###.†.## ##... #
........####
##..###...###...###
##..<..##
##..##....#...o##.
#....###
##..#.#.....#4#)o


You could see an orc high priest, a hellwing, an ice devil, a rust devil, an orc
sorcerer, a red devil and 3 orc warriors.

Vanquished Creatures
  Rupert (Lair:6)
  Azrael (D:12)
  Snorg (Lair:6)
  A fire dragon (Lair:6)
  Josephine (D:12)
  Erolcha (D:10)
  7 hydras
  Harold (Orc:1)
  Erica (D:9)
  A two-headed ogre (D:12)
  A death yak (Lair:2)
  Nergalle (D:12)
  2 unseen horrors
  Pikel (D:5)
  A lindwurm (Lair:6)
  3 orc knights (Orc:2)
  2 orc sorcerers (Orc:2)
  A wolf spider zombie (D:12)
  A deep elf mage (D:12)
  An ugly thing (D:11)
  A cyclops (D:12)
  2 manticores
  10 elephants
  Joseph (D:9)
  Psyche (D:8)
  2 molten gargoyles (Lair:6)
  6 black mambas
  7 cane toads
  3 rime drakes
  8 komodo dragons
  A kobold demonologist (D:11)
  4 trolls
  A queen bee (Lair:4)
  4 hornets
  2 polar bears
  Prince Ribbit (D:7)
  6 blink frogs
  4 slime creatures (D:12)
  9 hippogriffs
  7 wyverns
  A shadow (D:11)
  A basilisk (shapeshifter) (D:4)
  A vampire (D:10)
  4 basilisks
  4 wraiths
  10 fire bats
  6 fire elementals (D:12)
  A chaos spawn (Orc:2)
  30 yaks
  5 humans (D:10)
  4 vampire mosquitoes (D:12)
  A steam dragon (Lair:6)
  2 wargs (Orc:2)
  3 nagas (Lair:4)
  A soldier ant (D:11)
  6 hell hounds
  12 water moccasins
  8 porcupines
  19 orc warriors
  A black bear (D:12)
  An eye of draining (D:12)
  3 ice beasts
  2 phantoms
  A sky beast (D:5)
  9 ogres
  2 necrophages
  13 wolves
  8 centaurs
  9 crocodiles
  4 lemures (D:5)
  2 big kobolds
  12 bullfrogs
  A wyvern zombie (D:8)
  A water moccasin skeleton (D:11)
  11 killer bees
  7 scorpions
  15 wights
  2 electric eels
  4 howler monkeys
  4 bullfrog zombies
  7 lava snakes
  A quasit (D:6)
  12 orc priests
  3 hounds
  2 jellies
  A bullfrog skeleton (D:11)
  2 centaur skeletons
  Jessica (D:2)
  3 iguanas
  13 orc wizards
  8 worker ants
  4 hell rats (Lair:2)
  A hound zombie (D:8)
  2 hound skeletons
  A howler monkey skeleton (D:8)
  14 adders
  6 river rats (Lair:2)
  2 shadow imps
  A white imp (D:8)
  2 ufetubi
  An ooze (D:7)
  3 adder skeletons
  2 adder zombies (D:5)
  3 worms
  A dart slug (D:2)
  4 leopard geckos
  51 orcs
  2 ball pythons
  8 bats
  5 giant cockroaches
  10 goblins
  3 hobgoblins (D:1)
  14 jackals
  3 quokkas
  10 frilled lizards
  A jackal skeleton (D:4)
  A jackal zombie (D:5)
  13 kobolds
  A leopard gecko zombie (D:6)
  A quokka skeleton (D:4)
  19 rats
  A fire vortex (D:8)
  2 plants (D:2)
586 creatures vanquished.

Vanquished Creatures (collateral kills)
  Maggie (D:8)
  An orc (D:8)
2 creatures vanquished.

Vanquished Creatures (others)
  A centaur zombie (D:12)
  A dancing weapon (D:10)
  An adder (D:12)
  An orc (D:10)
  2 fire vortices (D:8)
  5 fungi
  2 plants
13 creatures vanquished.

Grand Total: 601 creatures vanquished

Notes
Turn   | Place    | Note
-------+----------+-------------------------------------------
     0 | D:1      | Froggeryz the Gnoll Chaos Knight began the quest for the
                  | Orb.
     0 | D:1      | Reached XP level 1. HP: 23/23 MP: 1/1
   133 | D:1      | Reached XP level 2. HP: 28/29 MP: 2/2
   247 | D:1      | XOM: silly message
   546 | D:1      | Reached XP level 3. HP: 35/35 MP: 3/3
   649 | D:1      | XOM: cast spell 'Olgreb's Toxic Radiance'
   802 | D:1      | XOM: noise
   966 | D:1      | XOM: silly message
  1261 | D:2      | Reached skill level 1 in Invocations
  1328 | D:2      | Reached skill level 1 in Short Blades
  1328 | D:2      | Reached skill level 1 in Long Blades
  1328 | D:2      | Reached skill level 1 in Maces & Flails
  1328 | D:2      | Reached skill level 1 in Polearms
  1328 | D:2      | Reached skill level 1 in Staves
  1328 | D:2      | Reached skill level 1 in Slings
  1328 | D:2      | Reached skill level 1 in Bows
  1328 | D:2      | Reached skill level 1 in Crossbows
  1328 | D:2      | Reached skill level 1 in Throwing
  1328 | D:2      | Reached skill level 1 in Stealth
  1328 | D:2      | Reached skill level 1 in Shields
  1328 | D:2      | Reached skill level 1 in Unarmed Combat
  1328 | D:2      | Reached skill level 1 in Spellcasting
  1328 | D:2      | Reached skill level 1 in Evocations
  1330 | D:2      | Noticed Jessica
  1342 | D:2      | Killed Jessica
  1342 | D:2      | Reached XP level 4. HP: 28/41 MP: 5/5
  1436 | D:2      | XOM: divination: detect creatures
  1491 | D:2      | Found a snail-covered altar of Cheibriados.
  1502 | D:2      | Reached skill level 1 in Conjurations
  1502 | D:2      | Reached skill level 1 in Hexes
  1502 | D:2      | Reached skill level 1 in Charms
  1502 | D:2      | Reached skill level 1 in Summonings
  1502 | D:2      | Reached skill level 1 in Necromancy
  1502 | D:2      | Reached skill level 1 in Translocations
  1502 | D:2      | Reached skill level 1 in Transmutations
  1502 | D:2      | Reached skill level 1 in Fire Magic
  1502 | D:2      | Reached skill level 1 in Ice Magic
  1502 | D:2      | Reached skill level 1 in Air Magic
  1502 | D:2      | Reached skill level 1 in Earth Magic
  1502 | D:2      | Reached skill level 1 in Poison Magic
  1543 | D:2      | You fall into a shaft and drop 1 floor!
  1545 | D:3      | XOM: divination: magic mapping
  1633 | D:3      | Reached XP level 5. HP: 44/47 MP: 6/6
  1695 | D:2      | XOM: divination: detect creatures
  1720 | D:2      | XOM: god gift: quarterstaff {god gift}
  1828 | D:2      | XOM: silly message
  2036 | D:3      | Found a shattered altar of Ashenzari.
  2039 | D:3      | Found a white marble altar of Elyvilon.
  2209 | D:3      | XOM: silly message
  2232 | D:3      | Found a sacrificial altar of Ru.
  2286 | D:3      | XOM: give mutation
  2286 | D:3      | Gained mutation: Your spells are a little easier to cast,
                  | but a little less powerful. [Xom's mischief]
  2622 | D:4      | XOM: stat loss: -1 Str (14/15)
  2632 | D:4      | Noticed a phantom
  2644 | D:4      | XOM: give mutations
  2644 | D:4      | Gained mutation: You are resistant to hostile enchantments.
                  | (MR+) [Xom's grace]
  2644 | D:4      | Gained mutation: You are somewhat resistant to further
                  | mutation. [Xom's grace]
  2657 | D:4      | Killed a phantom
  2657 | D:4      | Reached XP level 6. HP: 43/53 MP: 8/8
  2715 | D:4      | Noticed a glowing shapeshifter
  2715 | D:4      | a jackal changed into a glowing shapeshifter
  2715 | D:4      | XOM: polymorph jackal -> glowing shapeshifter
  2715 | D:4      | a glowing shapeshifter changed into something unseen
  2717 | D:4      | Noticed a six-headed hydra
  2721 | D:4      | Noticed a great orb of eyes
  2721 | D:4      | a six-headed hydra changed into a great orb of eyes
  2794 | D:4      | XOM: give mutations
  2794 | D:4      | Gained mutation: Armour fits poorly on your strangely
                  | shaped body. [Xom's mischief]
  2794 | D:4      | Lost mutation: Armour fits poorly on your strangely shaped
                  | body. [Xom's mischief]
  2794 | D:4      | Gained mutation: You are frail. (-10% HP) [Xom's mischief]
  2794 | D:4      | Gained mutation: You are clumsy. (Dex -2) [Xom's mischief]
  2866 | D:4      | Noticed a polar bear
  2868 | D:4      | Noticed a troll
  2868 | D:4      | a polar bear changed into a troll
  2877 | D:4      | Noticed a raiju
  2877 | D:4      | a troll changed into a raiju
  2880 | D:4      | Noticed a basilisk
  2880 | D:4      | a raiju changed into a basilisk
  2888 | D:4      | Killed a basilisk
  2888 | D:4      | Reached skill level 5 in Armour
  2957 | D:4      | Noticed an orc warrior
  2962 | D:4      | XOM: potion effect (curing)
  2963 | D:4      | XOM: summons friendly white imp
  2982 | D:4      | Killed an orc warrior
  2982 | D:4      | Reached XP level 7. HP: 38/53 MP: 10/10
  3245 | D:4      | XOM: divination: magic mapping
  3528 | D:4      | XOM: give mutations
  3528 | D:4      | Gained mutation: You expend magic power (3 MP) to
                  | strengthen your wands. [Xom's grace]
  3528 | D:4      | Lost mutation: You are clumsy. (Dex -2) [Xom's grace]
  3528 | D:4      | Lost mutation: You are somewhat resistant to further
                  | mutation. [Xom's grace]
  3528 | D:4      | Gained mutation: You evolve. [Xom's grace]
  3528 | D:4      | Gained mutation: You have sharp toenails. [Xom's grace]
  3949 | D:4      | XOM: divination: detect creatures
  4213 | D:4      | XOM: cloud trail
  4259 | D:4      | XOM: give mutation
  4259 | D:4      | Gained mutation: You are partially covered in slimy green
                  | scales. (AC +2) [Xom's grace]
  4484 | D:4      | XOM: give mutations
  4484 | D:4      | Lost mutation: You are frail. (-10% HP) [Xom's grace]
  4484 | D:4      | Gained mutation: You have a pair of small horns on your
                  | head. [Xom's grace]
  4484 | D:4      | Gained mutation: Your mind is acute. (Int +2) [Xom's grace]
  4601 | D:4      | XOM: divination: magic mapping
  5133 | D:4      | XOM: god gift: small filigree amulet {god gift}
  5226 | D:4      | XOM: 1-stop teleportation journey
  5239 | D:4      | XOM: god gift: wand of flame (23)
  5450 | D:4      | XOM: give mutation
  5450 | D:4      | Gained mutation: Your flesh is heat resistant. (rF+) [Xom's
                  | grace]
  5659 | D:4      | XOM: give mutations
  5659 | D:4      | Gained mutation: You have razor-sharp toenails. [Xom's
                  | grace]
  5659 | D:4      | Gained mutation: You are partially covered in rugged brown
                  | scales. (AC +1, +3% HP) [Xom's grace]
  5703 | D:4      | XOM is BORED!
  5703 | D:4      | XOM: give mutations
  5703 | D:4      | Gained mutation: Armour fits poorly on your strangely
                  | shaped body. [Xom's mischief]
  5703 | D:4      | Lost mutation: You have a pair of small horns on your head.
                  | [Xom's mischief]
  5703 | D:4      | Gained mutation: You have sharp fingernails. [Xom's
                  | mischief]
  5750 | D:4      | XOM: give mutations
  5750 | D:4      | Gained mutation: You are partially covered in thin metallic
                  | scales. (AC +2) [Xom's grace]
  5750 | D:4      | Gained mutation: You rapidly evolve. [Xom's grace]
  5939 | D:4      | XOM is BORED!
  5939 | D:4      | XOM: draining
  6303 | D:4      | XOM: cloud trail
  6746 | D:4      | XOM: god gift: 34 gold pieces
  7062 | D:4      | XOM: god gift: 25 sling bullets
  7295 | D:4      | XOM is BORED!
  7328 | D:4      | XOM: god gift: wand of enslavement (6)
  7363 | D:4      | XOM: 1-stop teleportation journey
  7928 | D:4      | XOM: scenery: create altars
  7970 | D:4      | XOM: scenery: create altars
  8248 | D:4      | XOM: cloud trail
  8277 | D:4      | XOM: give mutations
  8277 | D:4      | Gained mutation: Your muscles are strong. (Str +2) [Xom's
                  | grace]
  8277 | D:4      | Gained mutation: You are highly resistant to hostile
                  | enchantments. (MR++) [Xom's grace]
  8277 | D:4      | Lost mutation: You rapidly evolve. [Xom's grace]
  8277 | D:4      | Lost mutation: You evolve. [Xom's grace]
  8277 | D:4      | Gained mutation: You are somewhat resistant to further
                  | mutation. [Xom's grace]
  8277 | D:4      | Gained mutation: You have a pair of small horns on your
                  | head. [Xom's grace]
  8616 | D:4      | XOM: give mutations
  8616 | D:4      | Gained mutation: Your mind is very acute. (Int +4) [Xom's
                  | grace]
  8616 | D:4      | Gained mutation: You passively map a small area around you.
                  | [Xom's grace]
  8616 | D:4      | Gained mutation: You are agile. (Dex +2) [Xom's grace]
  8616 | D:4      | Gained mutation: You passively map the area around you.
                  | [Xom's grace]
  9198 | D:4      | XOM: god gift: scroll labeled AVUS ABLOUCRO {god gift}
  9382 | D:4      | XOM: give mutations
  9382 | D:4      | Gained mutation: Your flesh is cold resistant. (rC+) [Xom's
                  | grace]
  9382 | D:4      | Gained mutation: Your flesh is very heat resistant. (rF++)
                  | [Xom's grace]
  9744 | D:4      | XOM: scenery: create altars
 10078 | D:4      | XOM: god gift: glowing ring mail {god gift}
 10337 | D:4      | XOM: give mutations
 10337 | D:4      | Gained mutation: Your system is resistant to poisons.
                  | (rPois) [Xom's grace]
 10337 | D:4      | Gained mutation: You are robust. (+10% HP) [Xom's grace]
 10337 | D:4      | Gained mutation: You can translocate small distances at
                  | will. [Xom's grace]
 10387 | D:4      | XOM: 4-stop teleportation journey
 10515 | D:4      | XOM: god gift: box of beasts
 10658 | D:4      | XOM: god gift: pair of glowing gloves {god gift}
 11862 | D:4      | XOM: cloud trail
 12150 | D:4      | XOM: cloud trail
 12230 | D:4      | XOM: silly message
 12306 | D:4      | XOM is BORED!
 12306 | D:4      | XOM: give mutation
 12306 | D:4      | Lost mutation: Your system is resistant to poisons. (rPois)
                  | [Xom's mischief]
 12643 | D:4      | XOM: cloud trail
 12708 | D:4      | XOM: scenery: create altars
 12874 | D:4      | XOM: cloud trail
 12913 | D:4      | XOM: god gift: 24 gold pieces
 12958 | D:4      | XOM: scenery: create altars
 13044 | D:4      | XOM: scenery: create altars
 13318 | D:4      | XOM: silly message
 13556 | D:4      | XOM: noise
 13901 | D:4      | XOM: give mutations
 13901 | D:4      | Lost mutation: Armour fits poorly on your strangely shaped
                  | body. [Xom's mischief]
 13901 | D:4      | Lost mutation: Your muscles are strong. (Str +2) [Xom's
                  | mischief]
 14009 | D:4      | XOM: noise
 14378 | D:4      | XOM: give mutations
 14378 | D:4      | Lost mutation: You passively map the area around you.
                  | [Xom's mischief]
 14378 | D:4      | Lost mutation: You have a pair of small horns on your head.
                  | [Xom's mischief]
 14689 | D:4      | XOM: god gift: 47 gold pieces
 15098 | D:4      | XOM: god gift: 49 gold pieces
 15469 | D:4      | XOM: give mutations
 15469 | D:4      | Gained mutation: You are very robust. (+20% HP) [Xom's
                  | grace]
 15469 | D:4      | Gained mutation: You possess an exceptional clarity of
                  | mind. [Xom's grace]
 15469 | D:4      | Gained mutation: You are extremely robust. (+30% HP) [Xom's
                  | grace]
 15469 | D:4      | Gained mutation: You are covered in fur. (AC +1) [Xom's
                  | grace]
 16275 | D:4      | XOM: god gift: iridescent hand crossbow {god gift}
 16276 | D:4      | Got an iridescent hand crossbow {god gift}
 16277 | D:4      | Identified the +0 hand crossbow of Akoeh {chaos, Dex+3}
                  | (Xom gifted it to you on level 4 of the Dungeon)
 16402 | D:4      | XOM: scenery: create altars
 16555 | D:4      | XOM: god gift: 29 gold pieces
 16707 | D:4      | XOM: give mutations
 16707 | D:4      | Gained mutation: Your flesh is very cold resistant. (rC++)
                  | [Xom's grace]
 16707 | D:4      | Gained mutation: You have claws for feet. [Xom's grace]
 16720 | D:4      | XOM is BORED!
 16720 | D:4      | XOM: noise
 16898 | D:4      | XOM: god gift: scorched plate armour {god gift}
 16899 | D:4      | Got a scorched plate armour {god gift}
 16910 | D:4      | Identified the +5 plate armour of Modesty {+Blink rF++
                  | Int+3 SInv} (Xom gifted it to you on level 4 of the
                  | Dungeon)
 16998 | D:4      | XOM: cloud trail
 17123 | D:4      | XOM: god gift: 39 gold pieces
 17245 | D:4      | XOM: give mutations
 17245 | D:4      | Lost mutation: You are somewhat resistant to further
                  | mutation. [Xom's mischief]
 17245 | D:4      | Lost mutation: You are highly resistant to hostile
                  | enchantments. (MR++) [Xom's mischief]
 17362 | D:4      | XOM: give mutation
 17362 | D:4      | Gained mutation: Your flesh is almost immune to the effects
                  | of cold. (rC+++) [Xom's grace]
 17397 | D:4      | XOM: noise
 17908 | D:4      | XOM: give mutations
 17908 | D:4      | Lost mutation: You possess an exceptional clarity of mind.
                  | [Xom's mischief]
 17908 | D:4      | Lost mutation: Your spells are a little easier to cast, but
                  | a little less powerful. [Xom's mischief]
 17908 | D:4      | Lost mutation: You are agile. (Dex +2) [Xom's mischief]
 17908 | D:4      | Lost mutation: Your flesh is very heat resistant. (rF++)
                  | [Xom's mischief]
 18171 | D:4      | XOM: god gift: glowing hunting sling {god gift}
 18183 | D:4      | XOM: give mutations
 18183 | D:4      | Gained mutation: You passively map the area around you.
                  | [Xom's grace]
 18183 | D:4      | Gained mutation: You are covered in thick fur. (AC +2)
                  | [Xom's grace]
 18183 | D:4      | Gained mutation: Your flesh is very heat resistant. (rF++)
                  | [Xom's grace]
 18201 | D:4      | XOM is BORED!
 18256 | D:4      | XOM: god gift: scroll labeled AKIFFA DAFFEGE {god gift}
 18382 | D:4      | XOM: divination: detect items
 18734 | D:4      | XOM: god gift: war axe {god gift}
 19092 | D:4      | XOM: scenery: create altars
 19343 | D:4      | XOM: god gift: scimitar {god gift}
 19604 | D:4      | XOM: god gift: 36 gold pieces
 19795 | D:4      | XOM: give mutations
 19795 | D:4      | Gained mutation: You passively map a large area around you.
                  | [Xom's grace]
 19795 | D:4      | Gained mutation: You are agile. (Dex +2) [Xom's grace]
 19847 | D:4      | XOM: give mutations
 19847 | D:4      | Gained mutation: You are very agile. (Dex +4) [Xom's grace]
 19847 | D:4      | Gained mutation: Your spells are a little harder to cast,
                  | but a little more powerful. [Xom's grace]
 19847 | D:4      | Gained mutation: You are somewhat resistant to further
                  | mutation. [Xom's grace]
 19847 | D:4      | Gained mutation: You have a pair of small horns on your
                  | head. [Xom's grace]
 19992 | D:4      | XOM: god gift: lightning rod (4/4)
 20076 | D:4      | XOM: scenery: create altars
 20190 | D:4      | XOM: noise
 20239 | D:4      | XOM: scenery: create altars
 21008 | D:4      | XOM: god gift: 19 sling bullets
 21191 | D:4      | XOM is BORED!
 21191 | D:4      | XOM: summons 4 hostile shadow creatures
 21347 | D:3      | XOM: cloud trail
 21775 | D:3      | XOM: scenery: create altars
 22093 | D:3      | XOM: cloud trail
 22690 | D:3      | XOM: 2-stop teleportation journey
 22800 | D:3      | XOM: cloud trail
 22945 | D:3      | XOM: cloud trail
 23149 | D:3      | XOM: god gift: 53 gold pieces
 23189 | D:3      | XOM: god gift: +0 pair of fencer's gloves {Riposte Dex+3}
 23190 | D:3      | Found the +0 pair of fencer's gloves {Riposte Dex+3}
 23359 | D:3      | XOM: cloud trail
 23544 | D:3      | XOM: give mutation
 23544 | D:3      | Gained mutation: Your thick and shaggy fur keeps you warm.
                  | (AC +3, rC+) [Xom's grace]
 23863 | D:3      | XOM: stat loss: -1 Int (21/22)
 23894 | D:3      | XOM: stat loss: -1 Int (20/22)
 23946 | D:3      | XOM: summons 4 hostile demons
 24362 | D:4      | XOM: give mutations
 24362 | D:4      | Lost mutation: You have a pair of small horns on your head.
                  | [Xom's mischief]
 24362 | D:4      | Lost mutation: You passively map a large area around you.
                  | [Xom's mischief]
 24440 | D:4      | XOM: god gift: scroll of vulnerability
 24603 | D:4      | XOM: god gift: 52 gold pieces
 24656 | D:4      | XOM is BORED!
 25476 | D:4      | XOM: silly message
 25828 | D:4      | XOM: silly message
 26688 | D:4      | XOM: give mutations
 26688 | D:4      | Lost mutation: You passively map the area around you.
                  | [Xom's mischief]
 26688 | D:4      | Lost mutation: You are very agile. (Dex +4) [Xom's
                  | mischief]
 26688 | D:4      | Lost mutation: You have claws for feet. [Xom's mischief]
 26767 | D:4      | XOM: noise
 26780 | D:4      | XOM: give mutations
 26780 | D:4      | Lost mutation: You are partially covered in rugged brown
                  | scales. (AC +1, +3% HP) [Xom's mischief]
 26780 | D:4      | Lost mutation: Your spells are a little harder to cast, but
                  | a little more powerful. [Xom's mischief]
 26780 | D:4      | Lost mutation: You have razor-sharp toenails. [Xom's
                  | mischief]
 26904 | D:4      | XOM: noise
 26943 | D:4      | XOM: stat loss: -1 Int (19/22)
 27009 | D:4      | XOM: draining
 27040 | D:4      | XOM: give mutations
 27040 | D:4      | Lost mutation: You can translocate small distances at will.
                  | [Xom's mischief]
 27040 | D:4      | Lost mutation: You have sharp toenails. [Xom's mischief]
 27040 | D:4      | Lost mutation: You are somewhat resistant to further
                  | mutation. [Xom's mischief]
 27040 | D:4      | Lost mutation: You are extremely robust. (+30% HP) [Xom's
                  | mischief]
 27212 | D:4      | XOM: summons 4 hostile demons
 27213 | D:4      | Noticed a neqoxec
 27213 | D:4      | Lost mutation: You are agile. (Dex +2) [a neqoxec]
 27733 | D:3      | XOM: stat loss: -1 Str (15/16)
 28007 | D:3      | XOM: give mutations
 28007 | D:3      | Lost mutation: You expend magic power (3 MP) to strengthen
                  | your wands. [Xom's mischief]
 28007 | D:3      | Lost mutation: Your flesh is very heat resistant. (rF++)
                  | [Xom's mischief]
 28007 | D:3      | Lost mutation: You are resistant to hostile enchantments.
                  | (MR+) [Xom's mischief]
 28213 | D:3      | XOM: torment (37/72 hp)
 28835 | D:3      | XOM: give mutation
 28835 | D:3      | Lost mutation: Your flesh is almost immune to the effects
                  | of cold. (rC+++) [Xom's mischief]
 29144 | D:3      | XOM: summons 1 hostile demon
 29380 | D:3      | XOM: noise
 29627 | D:3      | XOM: summons 1 hostile shadow creature
 30012 | D:3      | XOM: summons 4 hostile demons
 30013 | D:3      | Noticed a hellwing
 30237 | D:2      | XOM: summons 2 hostile shadow creatures
 30325 | D:2      | XOM: scenery: create altars
 30558 | D:2      | XOM: god gift: 45 gold pieces
 30597 | D:2      | XOM: scenery: create altars
 30632 | D:2      | XOM: divination: detect creatures
 30888 | D:2      | XOM: give mutations
 30888 | D:2      | Gained mutation: You are surrounded by a mild repulsion
                  | field. (EV +2) [Xom's grace]
 30888 | D:2      | Gained mutation: Your natural rate of healing is unusually
                  | fast. [Xom's grace]
 30888 | D:2      | Gained mutation: You are resistant to electric shocks.
                  | (rElec) [Xom's grace]
 30888 | D:2      | Gained mutation: You have sharp toenails. [Xom's grace]
 31113 | D:2      | XOM: god gift: wand of digging (3)
 31484 | D:2      | XOM is BORED!
 31484 | D:2      | XOM: summons 1 hostile demon
 31580 | D:2      | XOM: scenery: create altars
 33188 | D:2      | XOM: give mutations
 33188 | D:2      | Gained mutation: You evolve. [Xom's grace]
 33188 | D:2      | Gained mutation: You have razor-sharp toenails. [Xom's
                  | grace]
 33188 | D:2      | Gained mutation: You are resistant to hostile enchantments.
                  | (MR+) [Xom's grace]
 33306 | D:2      | XOM: give mutations
 33306 | D:2      | Gained mutation: You possess an exceptional clarity of
                  | mind. [Xom's grace]
 33306 | D:2      | Gained mutation: You are highly resistant to hostile
                  | enchantments. (MR++) [Xom's grace]
 33306 | D:2      | Gained mutation: You have a pair of small horns on your
                  | head. [Xom's grace]
 33306 | D:2      | Gained mutation: You have supernaturally acute eyesight.
                  | (SInv) [Xom's grace]
 33335 | D:2      | XOM: give mutations
 33335 | D:2      | Lost mutation: You are surrounded by a mild repulsion
                  | field. (EV +2) [Xom's mischief]
 33335 | D:2      | Lost mutation: You are very robust. (+20% HP) [Xom's
                  | mischief]
 33335 | D:2      | Lost mutation: You are highly resistant to hostile
                  | enchantments. (MR++) [Xom's mischief]
 33335 | D:2      | Lost mutation: You have sharp fingernails. [Xom's mischief]
 33652 | D:2      | XOM: give mutations
 33652 | D:2      | Gained mutation: You expend magic power (3 MP) to
                  | strengthen your wands. [Xom's grace]
 33652 | D:2      | Gained mutation: You have claws for feet. [Xom's grace]
 34084 | D:2      | XOM: cloud trail
 34504 | D:2      | XOM: divination: detect creatures
 34842 | D:2      | XOM: divination: magic mapping
 34856 | D:2      | XOM: noise
 35497 | D:2      | XOM: stat loss: -1 Dex (16/17)
 35624 | D:2      | XOM: stat loss: -1 Dex (15/17)
 35868 | D:2      | XOM: god gift: scroll labeled MITROQ ETEDGH {god gift}
 36017 | D:2      | XOM: divination: detect items
 36447 | D:2      | XOM: divination: detect items
 36602 | D:2      | XOM: divination: magic mapping
 36797 | D:2      | XOM: god gift: scroll of enchant armour
 36842 | D:2      | XOM: give mutations
 36842 | D:2      | Gained mutation: You have a pair of horns on your head.
                  | [Xom's grace]
 36842 | D:2      | Gained mutation: Your flesh is very heat resistant. (rF++)
                  | [Xom's grace]
 36842 | D:2      | Gained mutation: Your flesh is almost immune to the effects
                  | of heat. (rF+++) [Xom's grace]
 36842 | D:2      | Gained mutation: Your spells are a little harder to cast,
                  | but a little more powerful. [Xom's grace]
 36900 | D:2      | XOM: give mutations
 36900 | D:2      | Gained mutation: You have an increased reservoir of magic.
                  | (+10% MP) [Xom's grace]
 36900 | D:2      | Gained mutation: Your system is resistant to poisons.
                  | (rPois) [Xom's grace]
 36900 | D:2      | Gained mutation: You passively map the area around you.
                  | [Xom's grace]
 36970 | D:2      | XOM is BORED!
 36970 | D:2      | XOM: stat loss: -1 Dex (14/17)
 37176 | D:2      | XOM: cloud trail
 37706 | D:2      | XOM: god gift: rapier {god gift}
 37747 | D:2      | XOM: scenery: create altars
 37852 | D:2      | XOM: scenery: create altars
 38442 | D:2      | XOM: scenery: create altars
 38460 | D:2      | XOM: give mutations
 38460 | D:2      | Gained mutation: You are partially covered in icy blue
                  | scales. (AC +2) [Xom's grace]
 38460 | D:2      | Gained mutation: Your muscles are strong. (Str +2) [Xom's
                  | grace]
 38515 | D:2      | XOM: give mutations
 38515 | D:2      | Gained mutation: You are agile. (Dex +2) [Xom's grace]
 38515 | D:2      | Gained mutation: Your spells are harder to cast, but more
                  | powerful. [Xom's grace]
 38515 | D:2      | Gained mutation: Your muscles are very strong. (Str +4)
                  | [Xom's grace]
 38515 | D:2      | Gained mutation: You passively map a large area around you.
                  | [Xom's grace]
 39045 | D:2      | XOM: god gift: 37 gold pieces
 39189 | D:2      | XOM: stat loss: -1 Int (18/22)
 39223 | D:2      | XOM: give mutations
 39223 | D:2      | Lost mutation: Your system is resistant to poisons. (rPois)
                  | [Xom's mischief]
 39223 | D:2      | Lost mutation: You are resistant to hostile enchantments.
                  | (MR+) [Xom's mischief]
 39223 | D:2      | Lost mutation: You have a pair of horns on your head.
                  | [Xom's mischief]
 39223 | D:2      | Lost mutation: Your spells are harder to cast, but more
                  | powerful. [Xom's mischief]
 39241 | D:2      | XOM: summons 1 hostile demon
 39362 | D:2      | XOM: give mutations
 39362 | D:2      | Lost mutation: You are robust. (+10% HP) [Xom's mischief]
 39362 | D:2      | Lost mutation: You have an increased reservoir of magic.
                  | (+10% MP) [Xom's mischief]
 39362 | D:2      | Lost mutation: Your spells are a little harder to cast, but
                  | a little more powerful. [Xom's mischief]
 39377 | D:2      | XOM: silly message
 39440 | D:2      | XOM: silly message
 39491 | D:2      | XOM: stat loss: -1 Dex (15/19)
 40004 | D:2      | XOM is BORED!
 40004 | D:2      | XOM: draining
 40029 | D:2      | XOM: summons 4 hostile shadow creatures
 40999 | D:2      | XOM: stat loss: -1 Dex (14/19)
 41014 | D:2      | XOM: noise
 41022 | D:2      | XOM: cloud trail
 41731 | D:2      | XOM: divination: magic mapping
 41961 | D:2      | XOM: give mutation
 41961 | D:2      | Lost mutation: Your thick and shaggy fur keeps you warm.
                  | (AC +3, rC+) [Xom's mischief]
 42157 | D:2      | XOM: god gift: 57 gold pieces
 42516 | D:2      | XOM: draining
 43066 | D:2      | XOM: give mutation
 43066 | D:2      | Lost mutation: You have claws for feet. [Xom's mischief]
 43080 | D:2      | XOM is BORED!
 43080 | D:2      | XOM: summons 4 hostile demons
 43081 | D:2      | Noticed an orange demon
 43542 | D:1      | XOM: give mutations
 43542 | D:1      | Lost mutation: You are agile. (Dex +2) [Xom's mischief]
 43542 | D:1      | Lost mutation: You have supernaturally acute eyesight.
                  | (SInv) [Xom's mischief]
 43542 | D:1      | Lost mutation: Your flesh is very cold resistant. (rC++)
                  | [Xom's mischief]
 43632 | D:1      | XOM: give mutations
 43632 | D:1      | Lost mutation: You passively map a large area around you.
                  | [Xom's mischief]
 43632 | D:1      | Lost mutation: You are partially covered in thin metallic
                  | scales. (AC +2) [Xom's mischief]
 43632 | D:1      | Lost mutation: You have razor-sharp toenails. [Xom's
                  | mischief]
 43632 | D:1      | Lost mutation: You evolve. [Xom's mischief]
 44479 | D:1      | XOM: give mutation
 44479 | D:1      | Lost mutation: You possess an exceptional clarity of mind.
                  | [Xom's mischief]
 45667 | D:1      | XOM: give mutation
 45667 | D:1      | Lost mutation: You are partially covered in icy blue
                  | scales. (AC +2) [Xom's mischief]
 45831 | D:1      | XOM: silly message
 45892 | D:1      | XOM: silly message
 46038 | D:1      | XOM: noise
 46189 | D:1      | XOM: god gift: leather armour {god gift}
 47227 | D:1      | XOM: give mutations
 47227 | D:1      | Lost mutation: Your natural rate of healing is unusually
                  | fast. [Xom's mischief]
 47227 | D:1      | Lost mutation: Your flesh is cold resistant. (rC+) [Xom's
                  | mischief]
 47227 | D:1      | Lost mutation: Your flesh is almost immune to the effects
                  | of heat. (rF+++) [Xom's mischief]
 47227 | D:1      | Lost mutation: You passively map the area around you.
                  | [Xom's mischief]
 48104 | D:1      | XOM: torment (31/60 hp)
 48531 | D:1      | XOM: god gift: 12 stones
 48726 | D:1      | XOM: silly message
 48880 | D:1      | XOM: summons 4 hostile demons
 48881 | D:1      | Noticed a chaos spawn
 48957 | D:2      | XOM: divination: magic mapping
 49093 | D:2      | XOM: scenery: create altars
 49157 | D:2      | XOM: god gift: wand of iceblast (9)
 49622 | D:2      | XOM: give mutations
 49622 | D:2      | Gained mutation: You are somewhat resistant to further
                  | mutation. [Xom's grace]
 49622 | D:2      | Gained mutation: You are partially covered in yellow
                  | scales. (AC +2) [Xom's grace]
 49622 | D:2      | Gained mutation: You are somewhat resistant to both further
                  | mutation and mutation removal. [Xom's grace]
 49901 | D:2      | XOM is BORED!
 49901 | D:2      | XOM: give mutation
 49901 | D:2      | Lost mutation: You have sharp toenails. [Xom's mischief]
 50106 | D:2      | XOM: cloud trail
 50192 | D:2      | XOM: divination: detect creatures
 50267 | D:2      | XOM: give mutations
 50267 | D:2      | Gained mutation: You have an increased reservoir of magic.
                  | (+10% MP) [Xom's grace]
 50267 | D:2      | Gained mutation: You are almost entirely resistant to
                  | further mutation and mutation removal. [Xom's grace]
 50267 | D:2      | Gained mutation: You possess an exceptional clarity of
                  | mind. [Xom's grace]
 50267 | D:2      | Gained mutation: You are partially covered in large bone
                  | plates. (SH +4) [Xom's grace]
 50487 | D:2      | XOM: god gift: 15 arrows
 50798 | D:2      | XOM: give mutation
 50798 | D:2      | Gained mutation: You are robust. (+10% HP) [Xom's grace]
 51252 | D:2      | XOM: give mutations
 51252 | D:2      | Gained mutation: You are resistant to hostile enchantments.
                  | (MR+) [Xom's grace]
 51252 | D:2      | Gained mutation: You have sharp toenails. [Xom's grace]
 51252 | D:2      | Gained mutation: You are very robust. (+20% HP) [Xom's
                  | grace]
 51252 | D:2      | Gained mutation: Your spells are a little harder to cast,
                  | but a little more powerful. [Xom's grace]
 51412 | D:2      | XOM: god gift: book of Maledictions
 52419 | D:2      | XOM: give mutations
 52419 | D:2      | Gained mutation: You have razor-sharp toenails. [Xom's
                  | grace]
 52419 | D:2      | Gained mutation: You can translocate small distances at
                  | will. [Xom's grace]
 52811 | D:2      | XOM is BORED!
 52811 | D:2      | XOM: give mutations
 52811 | D:2      | Lost mutation: Your mind is very acute. (Int +4) [Xom's
                  | mischief]
 52811 | D:2      | Lost mutation: You have a pair of small horns on your head.
                  | [Xom's mischief]
 53079 | D:2      | XOM: god gift: scroll of fear
 53390 | D:2      | XOM: give mutations
 53390 | D:2      | Lost mutation: Your spells are a little harder to cast, but
                  | a little more powerful. [Xom's mischief]
 53609 | D:2      | XOM: give mutations
 53609 | D:2      | Gained mutation: You have extremely sharp teeth. [Xom's
                  | grace]
 53609 | D:2      | Gained mutation: You are extremely robust. (+30% HP) [Xom's
                  | grace]
 53609 | D:2      | Gained mutation: Your system is resistant to poisons.
                  | (rPois) [Xom's grace]
 53616 | D:2      | XOM: scenery: create altars
 54400 | D:2      | XOM: summons 4 hostile demons
 54491 | D:2      | XOM: give mutation
 54491 | D:2      | Gained mutation: Your mind is very acute. (Int +4) [Xom's
                  | grace]
 55011 | D:2      | XOM: give mutations
 55011 | D:2      | Lost mutation: You are resistant to hostile enchantments.
                  | (MR+) [Xom's mischief]
 55011 | D:2      | Lost mutation: You can translocate small distances at will.
                  | [Xom's mischief]
 55197 | D:2      | XOM: summons 3 hostile shadow creatures
 55592 | D:2      | XOM is BORED!
 55592 | D:2      | XOM: summons 4 hostile demons
 55593 | D:2      | Noticed an orange demon
 55702 | D:1      | XOM: summons 4 hostile demons
 55703 | D:1      | Noticed a hellwing
 56108 | D:2      | XOM: god gift: 1010 gold pieces
 56359 | D:2      | XOM: silly message
 56531 | D:2      | XOM: god gift: scroll of enchant weapon
 56722 | D:2      | XOM is BORED!
 56722 | D:2      | XOM: noise
 56825 | D:2      | XOM: god gift: plate armour {god gift}
 57563 | D:2      | XOM is BORED!
 57563 | D:2      | XOM: summons 4 hostile demons
 57718 | D:2      | XOM: give mutations
 57718 | D:2      | Lost mutation: Your mind is very acute. (Int +4) [Xom's
                  | mischief]
 57718 | D:2      | Lost mutation: Your flesh is very heat resistant. (rF++)
                  | [Xom's mischief]
 59036 | D:2      | XOM: god gift: 31 gold pieces
 59488 | D:2      | XOM: silly message
 59563 | D:2      | XOM: stat loss: -1 Dex (11/17)
 59644 | D:2      | XOM: summons 1 hostile demon
 59799 | D:2      | XOM: noise
 60430 | D:2      | XOM is BORED!
 60758 | D:2      | XOM: give mutations
 60758 | D:2      | Lost mutation: Your system is resistant to poisons. (rPois)
                  | [Xom's mischief]
 60758 | D:2      | Lost mutation: You have razor-sharp toenails. [Xom's
                  | mischief]
 63300 | D:2      | XOM is BORED!
 63300 | D:2      | XOM: stat loss: -1 Dex (10/17)
 63424 | D:2      | XOM: scenery: create altars
 63583 | D:2      | XOM: give mutations
 63583 | D:2      | Lost mutation: You are almost entirely resistant to further
                  | mutation and mutation removal. [Xom's grace]
 63583 | D:2      | Lost mutation: You are somewhat resistant to both further
                  | mutation and mutation removal. [Xom's grace]
 63583 | D:2      | Lost mutation: You are somewhat resistant to further
                  | mutation. [Xom's grace]
 63583 | D:2      | Gained mutation: You evolve. [Xom's grace]
 63583 | D:2      | Gained mutation: You have a pair of small antennae on your
                  | head. [Xom's grace]
 63583 | D:2      | Gained mutation: You have razor-sharp teeth. [Xom's grace]
 64049 | D:2      | XOM: summons 4 hostile demons
 64956 | D:1      | XOM: give mutation
 64956 | D:1      | Gained mutation: You are agile. (Dex +2) [Xom's grace]
 65003 | D:1      | XOM: god gift: 16 sling bullets
 65268 | D:1      | XOM: scenery: create altars
 65560 | D:1      | XOM: god gift: leather armour {god gift}
 65897 | D:1      | XOM: scenery: create altars
 65990 | D:1      | XOM: god gift: 930 gold pieces
 66388 | D:1      | XOM: scenery: create altars
 66972 | D:1      | XOM: give mutations
 66972 | D:1      | Gained mutation: You are very agile. (Dex +4) [Xom's grace]
 66972 | D:1      | Gained mutation: You are resistant to hostile enchantments.
                  | (MR+) [Xom's grace]
 66972 | D:1      | Gained mutation: Your mind is very acute. (Int +4) [Xom's
                  | grace]
 66972 | D:1      | Gained mutation: You have supernaturally acute eyesight.
                  | (SInv) [Xom's grace]
 67013 | D:1      | XOM: god gift: 19 arrows
 67038 | D:1      | XOM: give mutations
 67038 | D:1      | Gained mutation: Your flesh is very heat resistant. (rF++)
                  | [Xom's grace]
 67038 | D:1      | Gained mutation: You are highly resistant to hostile
                  | enchantments. (MR++) [Xom's grace]
 67097 | D:1      | XOM: cloud trail
 67120 | D:1      | XOM: give mutation
 67120 | D:1      | Lost mutation: You evolve. [Xom's grace]
 67120 | D:1      | Gained mutation: You are somewhat resistant to further
                  | mutation. [Xom's grace]
 67196 | D:1      | XOM: give mutations
 67196 | D:1      | Gained mutation: Your skin changes colour to match your
                  | surroundings (Stealth+). [Xom's grace]
 67196 | D:1      | Gained mutation: Your flesh is cold resistant. (rC+) [Xom's
                  | grace]
 67196 | D:1      | Lost mutation: You are somewhat resistant to further
                  | mutation. [Xom's grace]
 67196 | D:1      | Gained mutation: You evolve. [Xom's grace]
 67654 | D:1      | XOM: god gift: 30 gold pieces
 67812 | D:1      | XOM: 2-stop teleportation journey
 67863 | D:1      | XOM: scenery: create altars
 67924 | D:1      | XOM: silly message
 67977 | D:1      | XOM is BORED!
 67977 | D:1      | XOM: silly message
 68686 | D:1      | XOM: give mutations
 68686 | D:1      | Lost mutation: You have a pair of small antennae on your
                  | head. [Xom's mischief]
 68686 | D:1      | Lost mutation: You passively map a small area around you.
                  | [Xom's mischief]
 68686 | D:1      | Lost mutation: You are resistant to electric shocks.
                  | (rElec) [Xom's mischief]
 68686 | D:1      | Lost mutation: You possess an exceptional clarity of mind.
                  | [Xom's mischief]
 68828 | D:1      | XOM: give mutations
 68828 | D:1      | Gained mutation: Your thick and shaggy fur keeps you warm.
                  | (AC +3, rC+) [Xom's grace]
 68828 | D:1      | Gained mutation: Your natural rate of healing is unusually
                  | fast. [Xom's grace]
 68828 | D:1      | Gained mutation: You possess an exceptional clarity of
                  | mind. [Xom's grace]
 68951 | D:1      | XOM: summons 2 hostile demons
 69035 | D:2      | XOM: summons 4 hostile demons
 69062 | D:1      | XOM is BORED!
 69062 | D:1      | XOM: draining
 69461 | D:1      | XOM: summons 4 hostile demons
 69462 | D:1      | Noticed a chaos spawn
 69462 | D:1      | Noticed a sun demon
 69507 | D:2      | XOM: silly message
 69695 | D:2      | XOM: summons 2 hostile shadow creatures
 69939 | D:2      | XOM: scenery: create altars
 70009 | D:2      | XOM: divination: detect creatures
 70421 | D:2      | XOM: give mutation
 70421 | D:2      | Lost mutation: You evolve. [Xom's grace]
 70421 | D:2      | Gained mutation: You are somewhat resistant to further
                  | mutation. [Xom's grace]
 70558 | D:2      | XOM: god gift: tin of tremorstones (3/3)
 71376 | D:2      | XOM: cloud trail
 71526 | D:2      | XOM is BORED!
 71526 | D:2      | XOM: noise
 72134 | D:2      | XOM: 2-stop teleportation journey
 72406 | D:2      | XOM: scenery: create altars
 72747 | D:2      | XOM is BORED!
 72747 | D:2      | XOM: noise
 73028 | D:2      | XOM: cloud trail
 73048 | D:2      | XOM: silly message
 73075 | D:2      | XOM: scenery: create altars
 73136 | D:2      | XOM: god gift: club {god gift}
 73200 | D:2      | XOM: 4-stop teleportation journey
 73476 | D:2      | XOM: scenery: create altars
 73914 | D:2      | XOM: scenery: create altars
 73939 | D:2      | XOM: god gift: 27 gold pieces
 74159 | D:2      | XOM: divination: detect items
 74458 | D:2      | XOM is BORED!
 74532 | D:2      | XOM: give mutation
 74532 | D:2      | Gained mutation: You have a pair of small antennae on your
                  | head. [Xom's grace]
 74691 | D:2      | XOM: god gift: warped hat {god gift}
 74692 | D:2      | Got a warped hat {god gift}
 74698 | D:2      | Identified the cursed +0 hat of Death's Door {rC- Str+7}
                  | (Xom gifted it to you on level 2 of the Dungeon)
 74868 | D:2      | XOM: scenery: create altars
 74938 | D:2      | XOM: god gift: 14 gold pieces
 74955 | D:2      | XOM: god gift: peridot ring {god gift}
 75223 | D:2      | XOM: silly message
 75290 | D:2      | XOM: noise
 75692 | D:2      | XOM: summons 4 hostile demons
 75693 | D:2      | Noticed a neqoxec
 76096 | D:3      | XOM: give mutations
 76096 | D:3      | Lost mutation: Your skin changes colour to match your
                  | surroundings (Stealth+). [Xom's mischief]
 76096 | D:3      | Lost mutation: You expend magic power (3 MP) to strengthen
                  | your wands. [Xom's mischief]
 76096 | D:3      | Lost mutation: You are partially covered in yellow scales.
                  | (AC +2) [Xom's mischief]
 76418 | D:5      | Entered Level 5 of the Dungeon
 76433 | D:5      | XOM: 1-stop teleportation journey
 76561 | D:5      | Reached XP level 8. HP: 87/87 MP: 13/13
 76567 | D:5      | XOM: enchant monster (bad)
 76579 | D:5      | Found a shadowy altar of Dithmenos.
 76584 | D:5      | XOM: enchant monster (bad)
 76626 | D:5      | Noticed Pikel
 76640 | D:5      | Killed Pikel
 76794 | D:5      | XOM: summons 1 hostile shadow creature
 76872 | D:5      | XOM: give mutation
 76872 | D:5      | Lost mutation: You are partially covered in large bone
                  | plates. (SH +4) [Xom's mischief]
 76910 | D:6      | XOM: polymorph ogre -> centaur
 76960 | D:6      | Reached XP level 9. HP: 84/93 MP: 16/16
 77111 | D:6      | Found a staircase to the Ecumenical Temple.
 77140 | Temple   | Entered the Ecumenical Temple
 77165 | Temple   | XOM: 2-stop teleportation journey
 77285 | Temple   | Fell from the grace of Xom
 77285 | Temple   | Became a worshipper of Zin the Law-Giver
 77285 | Temple   | Reached * piety under Zin
 77285 | Temple   | Reached ** piety under Zin
 77285 | Temple   | Reached *** piety under Zin
 77302 | Temple   | Learned a level 2 spell: Blink
 77672 | D:7      | Noticed Prince Ribbit
 77688 | D:7      | Killed Prince Ribbit
 77722 | D:7      | Noticed a hornet
 77724 | D:7      | Found Cioli's General Store.
 77728 | D:7      | Killed a hornet
 77728 | D:7      | Reached skill level 5 in Dodging
 77744 | D:7      | Reached **** piety under Zin
 77752 | D:7      | Bought a potion of heal wounds for 55 gold pieces
 77752 | D:7      | Bought a +1 pair of boots of flying for 181 gold pieces
 77752 | D:7      | Bought a scroll of blinking for 82 gold pieces
 77752 | D:7      | Bought a scroll of blinking for 82 gold pieces
 77752 | D:7      | Bought a potion of heal wounds for 55 gold pieces
 77752 | D:7      | Bought a scroll of enchant weapon for 82 gold pieces
 78006 | D:7      | XOM: noise
 78090 | D:8      | Noticed a hornet
 78108 | D:8      | Paralysed by a hornet for 3 turns
 78111 | D:8      | Killed a hornet
 78111 | D:8      | Reached skill level 5 in Invocations
 78266 | D:8      | Noticed Psyche
 78275 | D:8      | Killed Psyche
 78275 | D:8      | Reached XP level 10. HP: 77/104 MP: 18/18
 78281 | D:8      | Learned a level 3 spell: Tukima's Dance
 78323 | D:8      | XOM: noise
 78372 | D:8      | XOM: enchant monster (bad)
 78379 | D:8      | Noticed Maggie
 78395 | D:8      | Reached skill level 5 in Short Blades
 78395 | D:8      | Reached skill level 5 in Long Blades
 78395 | D:8      | Reached skill level 5 in Maces & Flails
 78395 | D:8      | Reached skill level 5 in Polearms
 78395 | D:8      | Reached skill level 5 in Staves
 78395 | D:8      | Reached skill level 5 in Slings
 78395 | D:8      | Reached skill level 5 in Bows
 78395 | D:8      | Reached skill level 5 in Crossbows
 78395 | D:8      | Reached skill level 5 in Throwing
 78395 | D:8      | Reached skill level 5 in Stealth
 78395 | D:8      | Reached skill level 5 in Shields
 78395 | D:8      | Reached skill level 5 in Unarmed Combat
 78395 | D:8      | Reached skill level 5 in Spellcasting
 78395 | D:8      | Reached skill level 5 in Evocations
 78396 | D:8      | Killed Maggie
 78428 | D:8      | XOM: scenery: create altars
 78492 | D:8      | Found a burning altar of Makhleb.
 78614 | D:8      | Reached ***** piety under Zin
 78852 | D:8      | Found a sparkling altar of Nemelex Xobeh.
 79002 | D:9      | Noticed Joseph
 79022 | D:9      | Killed Joseph
 79152 | D:9      | XOM: cast spell 'Olgreb's Toxic Radiance'
 79157 | D:9      | Reached XP level 11. HP: 113/113 MP: 21/21
 79167 | D:9      | Noticed Erica
 79185 | D:9      | Killed Erica
 79484 | D:9      | Found a staircase to the Lair.
 79592 | D:10     | Entered Level 10 of the Dungeon
 79615 | D:10     | Reached skill level 5 in Conjurations
 79615 | D:10     | Reached skill level 5 in Hexes
 79615 | D:10     | Reached skill level 5 in Charms
 79615 | D:10     | Reached skill level 5 in Summonings
 79615 | D:10     | Reached skill level 5 in Necromancy
 79615 | D:10     | Reached skill level 5 in Translocations
 79615 | D:10     | Reached skill level 5 in Transmutations
 79615 | D:10     | Reached skill level 5 in Fire Magic
 79615 | D:10     | Reached skill level 5 in Ice Magic
 79615 | D:10     | Reached skill level 5 in Air Magic
 79615 | D:10     | Reached skill level 5 in Earth Magic
 79615 | D:10     | Reached skill level 5 in Poison Magic
 79633 | D:10     | Learned a level 3 spell: Mephitic Cloud
 79825 | D:10     | XOM: summons 1 hostile shadow creature
 79856 | D:10     | Found a shimmering blue altar of Sif Muna.
 80046 | D:10     | Noticed Erolcha
 80058 | D:10     | Killed Erolcha
 80084 | D:10     | Found a staircase to the Orcish Mines.
 80247 | D:10     | Noticed an unseen horror
 80277 | D:10     | Killed an unseen horror
 80664 | D:11     | Reached ****** piety under Zin
 80673 | D:11     | Noticed a six-headed hydra
 80675 | D:11     | Paralysed by a hornet for 3 turns
 80683 | D:11     | Killed a one-headed hydra
 80687 | D:11     | Reached XP level 12. HP: 70/124 MP: 22/24
 81051 | D:11     | Noticed an eight-headed hydra
 81061 | D:11     | Killed a three-headed hydra
 81465 | D:11     | XOM: give mutations
 81568 | D:12     | Noticed Azrael
 81571 | D:12     | Noticed a two-headed ogre
 81608 | D:12     | Killed Azrael
 81612 | D:12     | Killed a two-headed ogre
 81782 | D:12     | Noticed Nergalle
 81791 | D:12     | Killed Nergalle
 81798 | D:12     | Reached skill level 10 in Fighting
 81798 | D:12     | Reached skill level 10 in Axes
 81808 | D:12     | XOM: polymorph orc wizard -> centaur
 82177 | D:12     | Reached XP level 13. HP: 131/133 MP: 27/27
 82280 | D:12     | Noticed Josephine
 82287 | D:12     | Killed Josephine
 82343 | D:12     | XOM: noise
 82360 | D:12     | XOM: 1-stop teleportation journey
 82720 | D:12     | XOM: give mutations
 82809 | Lair:1   | Entered Level 1 of the Lair of Beasts
 82830 | Lair:1   | XOM: scenery: create altars
 82896 | Lair:1   | XOM: stat loss: -1 Int (23/24)
 83051 | Lair:1   | XOM: give mutations
 83604 | Lair:2   | Learned a level 2 spell: Passwall
 84578 | Lair:2   | XOM: give mutation
 84748 | Lair:3   | XOM: 3-stop teleportation journey
 84911 | Lair:3   | XOM: torment (69/135 hp)
 84930 | Lair:3   | XOM: give mutations
 85402 | Lair:3   | Reached XP level 14. HP: 144/144 MP: 29/29
 85598 | Lair:4   | Got a polished rapier
 85599 | Lair:4   | Identified the +5 rapier of Dissatisfaction {freeze, rN+}
                  | (You found it on level 4 of the Lair of Beasts)
 85605 | Lair:4   | Identified a scroll of acquirement
 85607 | Lair:4   | Acquired 400 gold pieces
 85688 | Lair:4   | Found a staircase to the Shoals.
 85688 | Lair:4   | XOM: 4-stop teleportation journey
 85746 | Lair:4   | Found a staircase to the Snake Pit.
 85765 | Lair:4   | Reached skill level 10 in Armour
 85771 | Lair:4   | XOM: polymorph naga -> queen bee
 85980 | Lair:4   | XOM: stat loss: -2 Int (22/24)
 86795 | Lair:5   | Was forgiven by Xom
 86832 | Lair:5   | Reached skill level 10 in Invocations
 86832 | Lair:5   | Reached XP level 15. HP: 138/154 MP: 29/31
 87024 | Lair:5   | Found a viscous altar of Jiyva.
 87025 | Lair:5   | Found a staircase to the Slime Pits.
 87245 | Lair:6   | Entered Level 6 of the Lair of Beasts
 87661 | Lair:6   | Found a large runed translucent door.
 87661 | Lair:6   | Found a large runed translucent door.
 87778 | Lair:6   | Got a glimmering cloak
 87780 | Lair:6   | Identified the +0 cloak of New Discoveries {Int+4} (You
                  | found it on level 6 of the Lair of Beasts)
 87973 | Lair:6   | Noticed Snorg
 87985 | Lair:6   | Killed Snorg
 88162 | Lair:6   | Noticed Rupert
 88186 | Lair:6   | Killed Rupert
 88186 | Lair:6   | Reached skill level 10 in Dodging
 88655 | Orc:1    | Entered Level 1 of the Orcish Mines
 88682 | Orc:1    | Noticed Harold
 88697 | Orc:1    | Killed Harold
 88776 | Orc:2    | Entered Level 2 of the Orcish Mines
 89210 | Orc:2    | Found Kossoel's General Store.
 89212 | Orc:2    | Found Baxt's General Store.
 89482 | Orc:2    | HP: 4/154 [ice devil (12)]
 89482 | Orc:2    | Slain by an ice devil

Illustrated notes

Levels and vault maps discovered:
D:1:      dpeg_arrival_shrine, layout_loops_ring, serial_forest,
          infiniplex_forest_end_3, infiniplex_forest_straight_4,
          infiniplex_forest_straight_3, infiniplex_forest_lined_4_way,
          infiniplex_forest_clump_diagonal, infiniplex_forest_clump_diagonal,
          infiniplex_forest_clump_tiny, infiniplex_forest_split,
          chequers_serial_rivers_room_b
D:2:      layout_rooms, minmay_misc_feat_plants, kennysheep_slug_shrine,
          uniq_jessica
D:3:      layout_rooms, nicolae_ru_sacrificial_ziggurat, minitemple
D:4:      layout_loops_ring, nicolae_underground_beach
D:5:      layout_rooms, nicolae_dithmenos_shadow_blocks, uniq_pikel
D:6:      layout_cave_pools, minmay_temple_entry_drinking_statues
D:7:      layout_cave_pools, serial_shops, nicolae_shop_statue_plus,
          uniq_prince_ribbit1
D:8:      layout_rooms, nemelex_altar_shiori, old_standard_altar,
          hangedman_incinerator, uniq_maggie, uniq_psyche
D:9:      layout_rooms, lair_entry_dummy, uniq_erica, uniq_joseph
D:10:     cheibrodos_helix_gallery, layout_cave_pods, orc_0_dummy, basic_altar,
          minmay_ruffians, uniq_erolcha
D:11:     layout_small_grid, grunt_decor_one_mirror
D:12:     layout_grid_maze, uniq_azrael, uniq_josephine, uniq_nergalle
Temple:   eino_temple_rhombus
Lair:1:   layout_hall_layers, cheibrodos_lair_reptile_den
Lair:2:   wad_woods_structure_01, layout_chaotic_city,
          kennysheep_abandoned_house
Lair:3:   layout_cave_pods
Lair:4:   layout_loops_ring, minmay_shoals_entry_beasts,
          minmay_snake_entry_guardpost_small, serial_bayou_crossing,
          lemuel_fruit_tree, infiniplex_staircase_pool
Lair:5:   layout_gridlike, slime_altar_1
Lair:6:   cheibrodos_lair_end_hotspot, layout_regular_city, minivault_27,
          uniq_snorg, uniq_rupert
Orc:1:    layout_caves, uniq_harold
Orc:2:    pf_orc_diabolical, layout_diamond_mine, guppyfry_orc_lava_fort

Skill      XL: |  1  2  3  4  5  6  7  8  9 10 11 12 13 14 15 |
---------------+----------------------------------------------+-----
Invocations    | 1 2 3 4 5 6 7 8 9 10 | 10.6
Short Blades   | 1 2 3 4 5 6 7 8 9 |  9.8
Long Blades    | 1 2 3 4 5 6 7 8 9 |  9.8
Maces & Flails | 1 2 3 4 5 6 7 8 9 |  9.8
Polearms       | 1 2 3 4 5 6 7 8 9 |  9.8
Staves         | 1 2 3 4 5 6 7 8 9 |  9.8
Slings         | 1 2 3 4 5 6 7 8 9 |  9.8
Bows           | 1 2 3 4 5 6 7 8 9 |  9.8
Crossbows      | 1 2 3 4 5 6 7 8 9 |  9.8
Throwing       | 1 2 3 4 5 6 7 8 9 |  9.8
Stealth        | 1 2 3 4 5 6 7 8 9 |  9.8
Shields        | 1 2 3 4 5 6 7 8 9 |  9.8
Unarmed Combat | 1 2 3 4 5 6 7 8 9 |  9.8
Spellcasting   | 1 2 3 4 5 6 7 8 9 |  9.8
Evocations     | 1 2 3 4 5 6 7 8 9 |  9.8
Conjurations   | 1 2 3 4 5 6 7 8 |  8.2
Hexes          | 1 2 3 4 5 6 7 8 |  8.2
Charms         | 1 2 3 4 5 6 7 8 |  8.2
Summonings     | 1 2 3 4 5 6 7 8 |  8.2
Necromancy     | 1 2 3 4 5 6 7 8 |  8.2
Translocations | 1 2 3 4 5 6 7 8 |  8.2
Transmutations | 1 2 3 4 5 6 7 8 |  8.2
Fire Magic     | 1 2 3 4 5 6 7 8 |  8.2
Ice Magic      | 1 2 3 4 5 6 7 8 |  8.2
Air Magic      | 1 2 3 4 5 6 7 8 |  8.2
Earth Magic    | 1 2 3 4 5 6 7 8 |  8.2
Poison Magic   | 1 2 3 4 5 6 7 8 |  8.2
Dodging        | 3 4 5 6 7 8 9 10 | 10.1
Armour         | 5 6 7 8 9 10 | 10.7
Fighting       | 7 8 9 10 11 | 11.6
Axes           | 7 8 9 10 11 | 11.6

Action                   |  1- 3 |  4- 6 |  7- 9 | 10-12 | 13-15 || total
-------------------------+-------+-------+-------+-------+-------++-------
Melee: Hand axe          |   105 |   181 |    39 |       |       ||   325
       Bite              |     8 |    17 |    37 |   122 |   254 ||   438
       War axe           |       |       |   269 |    29 |       ||   298
       Kick              |       |       |   112 |    68 |       ||   180
       Headbutt          |       |       |     2 |       |       ||     2
       Morningstar       |       |       |       |   218 |       ||   218
       Scimitar          |       |       |       |   248 |   724 ||   972
       Rapier            |       |       |       |       |    32 ||    32
Throw: Throwing net      |       |     2 |       |       |       ||     2
       Dart              |       |     1 |       |       |       ||     1
       Javelin           |       |       |       |       |     2 ||     2
 Cast: Tukima's Dance    |       |       |       |    11 |       ||    11
       Mephitic Cloud    |       |       |       |     2 |     7 ||     9
Evoke: Wand              |       |       |     6 |       |     1 ||     7
       Lightning rod     |       |       |       |     2 |       ||     2
  Use: Scroll            |     1 |     5 |    10 |       |    22 ||    38
       Potion            |       |     1 |       |       |     1 ||     2
 Stab: Sleeping          |     3 |       |       |       |       ||     3
       Petrified         |       |    17 |       |       |       ||    17
       Held in net/web   |       |     2 |       |       |       ||     2
       Petrifying        |       |     2 |       |       |       ||     2
       Confused          |       |       |       |     3 |    11 ||    14
Armor: Leather armour    |    34 |    28 |    11 |       |       ||    73
       Plate armour      |       |       |   326 |   360 |   375 ||  1061
Dodge: Dodged            |    51 |    65 |   149 |   363 |   607 ||  1235
Block: Buckler           |     8 |    22 |   144 |   270 |   341 ||   785
       Rpst.: War axe    |       |       |    29 |     3 |       ||    32
       Morningstar       |       |       |       |    35 |       ||    35
       Scimitar          |       |       |       |    96 |   294 ||   390
       Rapier            |       |       |       |       |     5 ||     5

Table legend:
 A = Non-vault XP
 B = Vault XP
 C = Vault XP percentage of total XP
 D = Non-vault monster count
 E = Vault monster count
 F = Vault count percentage of total count
                 A         B        C        D         E       F
            +---------+---------+-------+---------+---------+-------
      Total |   55014 |   33214 |  37.6 |     443 |     140 |  24.0
            +---------+---------+-------+---------+---------+-------
        D:1 |      55 |       0 |   0.0 |      32 |       0 |   0.0
        D:2 |      56 |      41 |  42.3 |      19 |       2 |   9.5
        D:3 |      80 |       0 |   0.0 |      25 |       0 |   0.0
        D:4 |     665 |       0 |   0.0 |      20 |       0 |   0.0
        D:5 |     648 |     651 |  50.1 |      19 |       1 |   5.0
        D:6 |     529 |       0 |   0.0 |      10 |       0 |   0.0
        D:7 |     980 |     268 |  21.5 |      13 |       1 |   7.1
        D:8 |    1640 |    1845 |  52.9 |      25 |       9 |  26.5
        D:9 |    2408 |    1410 |  36.9 |      28 |       2 |   6.7
       D:10 |    2742 |    2215 |  44.7 |      36 |       8 |  18.2
       D:11 |    7070 |       0 |   0.0 |      40 |       0 |   0.0
       D:12 |    6611 |    5031 |  43.2 |      45 |      13 |  22.4
     Lair:1 |    3105 |     805 |  20.6 |      17 |       2 |  10.5
     Lair:2 |    6077 |    2158 |  26.2 |      21 |      21 |  50.0
     Lair:3 |    7646 |       0 |   0.0 |      33 |       0 |   0.0
     Lair:4 |    6787 |    1566 |  18.7 |      26 |       6 |  18.8
     Lair:5 |    3869 |       0 |   0.0 |      12 |       0 |   0.0
     Lair:6 |    3436 |   10309 |  75.0 |      11 |      27 |  71.1
      Orc:1 |       0 |     965 | 100.0 |       0 |       1 | 100.0
      Orc:2 |     610 |    5950 |  90.7 |      11 |      47 |  81.0
            +---------+---------+-------+---------+---------+-------
